 Dungeon Crawl Stone Soup version 0.20-a0-270-g8e735b6 (webtiles) character file.

8070 Leszczynek the Transmogrifier (level 11, -10/94 HPs)
             Began as a Naga Wanderer on Dec 10, 2016.
             Was an Elder of Cheibriados.
             Mangled by a killer bee (11 damage)
             ... on level 9 of the Dungeon.
             The game lasted 00:33:19 (8873 turns).

Leszczynek the Transmogrifier (Naga Wanderer)       Turns: 8873, Time: 00:33:20

Health: -10/94     AC: 11    Str: 28    XL:     11   Next: 25%
Magic:  23/26      EV:  8    Int: 20    God:    Cheibriados [****..]
Gold:   446        SH:  0    Dex: 23    Spells: 9/18 levels left

rFire  + . .     SeeInvis +       - Unarmed
rCold  + . .     Gourm    .     h - +1 ring mail {rF+}
rNeg   . . .     Faith    .     (no shield)
rPois  +         Spirit   .     (helmet restricted)
rElec  .         Reflect  .     u - +0 cloak (curse)
rCorr  .         Harm     .     y - +1 pair of gloves
MR     +....                    (no barding)
Stlth  +++.......               G - amulet of regeneration
                                (no ring)
                                B - ring of magical power

@: very slow
A: horns 1, rugged brown scales 1, see invisible, cold resistance 1, deformed
body, mutation resistance 1, poison resistance, slowness 2, slow metabolism 1,
spit poison 1, AC +3
a: Spit Poison, Bend Time, Temporal Distortion, Slouch, Renounce Religion


You were on level 9 of the Dungeon.
You worshipped Cheibriados.
Cheibriados was greatly pleased with you.
You were hungry.

You visited 2 branches of the dungeon, and saw 10 of its levels.

You collected 446 gold pieces.

Inventory:

Hand Weapons
 a - a +2 shortbow
 b - a +2 falchion of electrocution
 o - a +0 dagger of venom
 v - a +2 war axe of venom
 C - a +0 scimitar
 H - a +1 scimitar of flaming
Missiles
 e - a throwing net (quivered)
 n - 186 arrows
Armour
 h - a +1 ring mail of fire resistance (worn)
 u - a cursed +0 cloak (worn)
 w - a +0 plate armour
 y - a +1 pair of gloves (worn)
 D - a +0 buckler
 J - a +1 scale mail of positive energy
Magical Staves
 c - an uncursed staff of wizardry
Jewellery
 l - an uncursed ring of ice
 B - a ring of magical power (left hand)
 G - an amulet of regeneration (around neck)
Wands
 k - a wand of paralysis (10/24)
 F - a wand of disintegration (14/24)
 I - a wand of confusion (26/48)
Scrolls
 i - 4 scrolls of identify
 j - 4 scrolls of recharging
 m - 3 scrolls of remove curse
 q - a scroll of blinking
 t - 2 scrolls of magic mapping
Potions
 p - a potion of might
 s - 2 potions of ambrosia
 x - a potion of brilliance
Books
 f - a book of Changes

   Spells                             Type                      Level
   a - Beastly Appendage              Transmutation                1
   b - Sticks to Snakes               Transmutation                2
   c - Spider Form                    Transmutation/Poison         3
   d - Ice Form                       Ice/Transmutation            4
   e - Blade Hands                    Transmutation                5
Comestibles
 d - 8 bread rations
 g - 3 beef jerkies
 r - 7 slices of pizza
 z - 7 meat rations
 L - 12 fruits


   Skills:
 - Level 4.0 Fighting
 - Level 6.0 Long Blades
 - Level 1.1 Axes
 - Level 8.0 Bows
 - Level 1.0 Armour
 - Level 4.3 Stealth
 - Level 8.0 Unarmed Combat
 + Level 4.0 Spellcasting
   Level 1.0 Conjurations
 - Level 8.8 Transmutations
 - Level 4.0 Invocations


You had 9 spell levels left.
You knew the following spells:

 Your Spells              Type           Power        Failure   Level  Hunger
a - Passwall              Tmut/Erth      ###.......   6%          2    #......
b - Blade Hands           Tmut           #####.....   17%         5    ######.
c - Sticks to Snakes      Tmut           #####...     1%          2    #......


Dungeon Overview and Level Annotations

Branches:
Dungeon (9/15)             Temple (1/1) D:4
   Lair: D:8-11         Orc: D:9-12

Altars:
Ashenzari
Cheibriados
Dithmenos
Elyvilon
Fedhas
Gozag
Hepliaklqana
Kikubaaqudgha
Makhleb
Nemelex Xobeh
Okawaru
Qazlal
Ru
Sif Muna
Trog
Uskayaw
Vehumet
Xom
Yredelemnul
Zin
The Shining One

Annotations:
D:3 exclusion: door


Innate Abilities, Weirdness & Mutations

You cannot wear boots.
Your serpentine skin is tough. (AC +3)
You have supernaturally acute eyesight. (SInv)
Armour fits poorly on your strangely shaped body.
Your system is resistant to poisons. (rPois)
You cover ground very slowly.
You have a slow metabolism.
You can spit poison.
You have a pair of small horns on your head.
You are partially covered in rugged brown scales. (AC +1, +3% HP)
Your flesh is cold resistant. (rC+)
You are somewhat resistant to further mutation.


Message History

Cheibriados rebukes the killer bee.
The killer bee seems to slow down.
You feel slightly more hungry. The killer bee stings you!
* * * LOW HITPOINT WARNING * * *
The queen bee stings you.
* * * LOW HITPOINT WARNING * * *
The killer bee stings you.
* * * LOW HITPOINT WARNING * * *
Unknown command.
Unknown command.
Unknown command.
Okay, then.
As you read the scroll of fear, it crumbles to dust.
You assume a fearsome visage.
The queen bee looks frightened!
Your hands revert to their normal proportions.
Your +1 pair of gloves unmelds from your body.
The killer bee stings you!
* * * LOW HITPOINT WARNING * * *
The killer bee stings you!
You die...

#####'### ####### #.#
#..%%.# ##.# %%.%%#
#..# %.%.# ######'###
..%# #.....)..# %%#
#........+ ##y#
#........# #y@#
#........#
######†####........#
........†..'...>....#
############........#
#........# ##########


You could see a queen bee (fleeing) and a killer bee (berserk).

Vanquished Creatures
  A hydra (D:8)
  Erica (D:8)
  Pikel (D:8)
  An ugly thing (D:7)
  Joseph (D:8)
  Psyche (D:8)
  The ghost of stickyfingers the Slasher, a novice DEAr of Hepliaklqana (D:5)
  2 dream sheep (D:8)
  2 yaks (D:8)
  A wyvern (D:8)
  An orc warrior (D:8)
  4 ice beasts
  A phantom (D:6)
  2 sky beasts (D:8)
  7 ogres
  3 big kobolds (D:8)
  2 centaurs (D:6)
  Blork the orc (D:5)
  3 bullfrogs
  4 scorpions
  25 killer bees
  6 howler monkeys
  2 crimson imps
  A bullfrog zombie (D:7)
  2 hounds (D:4)
  3 jellies
  5 orc priests
  Jessica (D:3)
  An orc wizard (D:4)
  A worker ant (D:8)
  A hound zombie (D:6)
  2 hound skeletons
  5 gnolls
  11 adders
  2 shadow imps (D:6)
  An ooze (D:1)
  3 adder zombies
  3 worms
  4 dart slugs
  3 leopard geckos
  27 orcs
  4 giant cockroaches
  3 goblins
  8 hobgoblins
  11 jackals
  10 kobolds
  6 quokkas
  A ball python (D:1)
  2 bats (D:3)
  7 frilled lizards
  2 jackal skeletons
  A quokka skeleton (D:8)
  7 rats
211 creatures vanquished.

Vanquished Creatures (others)
  A hungry ghost (D:8)
  3 slaves (D:8)
  A necrophage (D:8)
  A killer bee (D:8)
  A howler monkey (D:8)
  A bullfrog zombie (D:8)
  A centaur zombie (D:8)
  An orc priest (D:8)
  An orc wizard (D:8)
  A quasit (D:8)
  A gnoll (D:4)
  An orc (D:8)
  A giant cockroach (D:8)
  A quokka (D:8)
  A leopard gecko skeleton (D:4)
  A quokka skeleton (D:4)
  2 plants (D:8)
20 creatures vanquished.

Grand Total: 231 creatures vanquished

Notes
Turn   | Place    | Note
-------+----------+-------------------------------------------
     0 | D:1      | Leszczynek the Naga Wanderer began the quest for the Orb.
     0 | D:1      | Leszczynek set off with: a +2 shortbow, 24 arrows, the Volume of Contamination, a bread ration, a +0 robe, a +0 dagger, a potion of curing
     0 | D:1      | Reached XP level 1. HP: 15/15 MP: 3/3
     0 | D:1      | stats 17/10/9 (+7/+2/+3)
   304 | D:1      | Reached skill level 4 in Bows
   304 | D:1      | Reached XP level 2. HP: 22/22 MP: 5/5
   852 | D:2      | Reached XP level 3. HP: 28/28 MP: 6/6
  1467 | D:2      | Gained mutation: Your flesh is cold resistant. (rC+) [potion of mutation]
  1467 | D:2      | Gained mutation: You are somewhat resistant to further mutation. [potion of mutation]
  1472 | D:2      | Reached skill level 5 in Bows
  1472 | D:2      | Reached XP level 4. HP: 20/36 MP: 7/7
  2087 | D:3      | Reached XP level 5. HP: 42/42 MP: 8/8
  2314 | D:3      | Reached skill level 4 in Stealth
  2573 | D:3      | Noticed a moth of wrath
  2575 | D:3      | Found a bloodstained altar of Trog.
  2760 | D:3      | Noticed Jessica
  2763 | D:3      | Killed Jessica
  2991 | D:3      | Reached skill level 6 in Bows
  3134 | D:4      | Reached XP level 6. HP: 41/49 MP: 9/9
  3192 | D:4      | Found a radiant altar of Vehumet.
  3198 | D:4      | You fall through a shaft for 3 floors!
  3584 | D:6      | Reached skill level 7 in Bows
  3589 | D:6      | Noticed an ice beast
  3591 | D:5      | Entered Level 5 of the Dungeon
  3791 | D:4      | Reached XP level 7. HP: 45/55 MP: 10/10
  3854 | D:4      | Found a staircase to the Ecumenical Temple.
  3873 | Temple   | Entered the Ecumenical Temple
  3996 | Temple   | Became a worshipper of Cheibriados the Contemplative
  4008 | D:4      | Found a stormy altar of Qazlal.
  4149 | D:4      | Gained mutation: You have a pair of small horns on your head. [potion of mutation]
  4149 | D:4      | Gained mutation: You are partially covered in rugged brown scales. (AC +1, +3% HP) [potion of mutation]
  4532 | D:5      | Reached skill level 8 in Bows
  4637 | D:5      | Reached * piety under Cheibriados
  4637 | D:5      | Reached skill level 1 in Axes
  4806 | D:5      | Noticed stickyfingers's ghost (novice DEAr)
  4821 | D:5      | Reached skill level 1 in Fighting
  4830 | D:5      | Reached skill level 2 in Fighting
  4899 | D:5      | Reached XP level 8. HP: 69/70 MP: 11/11
  4906 | D:5      | Reached skill level 3 in Fighting
  5090 | D:5      | Reached skill level 4 in Fighting
  5136 | D:5      | Killed stickyfingers's ghost
  5136 | D:5      | Reached skill level 3 in Invocations
  5234 | D:5      | Noticed Blork the orc
  5237 | D:5      | Killed Blork the orc
  5237 | D:5      | Reached skill level 4 in Invocations
  5300 | D:6      | Reached skill level 2 in Long Blades
  5393 | D:6      | Reached skill level 3 in Long Blades
  5416 | D:6      | Identified the Volume of Contamination
  5420 | D:6      | Learned a level 2 spell: Passwall
  5565 | D:6      | Reached skill level 4 in Long Blades
  5605 | D:6      | Reached skill level 5 in Long Blades
  5605 | D:6      | Reached XP level 9. HP: 66/80 MP: 12/12
  5608 | D:6      | Reached ** piety under Cheibriados
  5631 | D:6      | Reached skill level 6 in Long Blades
  6052 | D:6      | Learned a level 5 spell: Blade Hands
  6057 | D:6      | Learned a level 2 spell: Sticks to Snakes
  6455 | D:7      | Reached skill level 1 in Unarmed Combat
  6689 | D:7      | Reached skill level 1 in Transmutations
  7062 | D:7      | Noticed a green ugly thing
  7062 | D:7      | oh wow
  7075 | D:7      | Killed a green ugly thing
  7075 | D:7      | Reached skill level 3 in Unarmed Combat
  7075 | D:7      | Reached skill level 2 in Transmutations
  7209 | D:7      | Reached skill level 4 in Unarmed Combat
  7416 | D:8      | Reached skill level 3 in Transmutations
  7478 | D:8      | Noticed Psyche
  7495 | D:8      | Killed Psyche
  7495 | D:8      | Reached skill level 5 in Unarmed Combat
  7510 | D:8      | Noticed Pikel
  7520 | D:8      | Killed Pikel
  7520 | D:8      | Reached skill level 6 in Unarmed Combat
  7520 | D:8      | Reached skill level 4 in Transmutations
  7520 | D:8      | Reached XP level 10. HP: 85/87 MP: 9/13
  7521 | D:8      | Noticed Erica
  7532 | D:8      | Killed Erica
  7532 | D:8      | Reached skill level 7 in Unarmed Combat
  7590 | D:8      | Noticed Joseph
  7601 | D:8      | Killed Joseph
  7601 | D:8      | Reached skill level 5 in Transmutations
  7602 | D:8      | Reached *** piety under Cheibriados
  7885 | D:8      | Reached skill level 8 in Unarmed Combat
  7970 | D:8      | Noticed a two-headed hydra
  7978 | D:8      | Killed a one-headed hydra
  7978 | D:8      | Reached skill level 7 in Transmutations
  8004 | D:8      | Reached skill level 8 in Transmutations
  8004 | D:8      | Reached XP level 11. HP: 28/94 MP: 14/14
  8266 | D:8      | Found an iron altar of Okawaru.
  8268 | D:8      | Found a glowing golden altar of the Shining One.
  8668 | D:9      | Reached **** piety under Cheibriados
  8722 | D:9      | Reached skill level 3 in Spellcasting
  8862 | D:9      | Reached skill level 4 in Spellcasting
  8869 | D:9      | HP: 2/94 [killer bee (9)]
  8873 | D:9      | Mangled by a killer bee

Vault maps used:
D:1:      dpeg_arrival_windows_large_door, patterned_corridor
D:2:      kennysheep_generic_room_2
D:3:      tgw_trog, uniq_jessica
D:4:      fiery_altar_vehumet, first_bread, grunt_qazlal_clouds
D:5:      uniq_blork_the_orc
D:8:      minitemple, st_stairs_11, kennysheep_cross_bottleneck,
          hangedman_ranch, minmay_misc_feat_ornament, uniq_pikel, uniq_joseph,
          uniq_psyche, uniq_erica
D:9:      erik_lair_island, special_room, uniq_grum, uniq_erolcha
Temple:   regret_index_temple_mists

Skill      XL: |  1  2  3  4  5  6  7  8  9 10 11 |
---------------+----------------------------------+-----
Bows           | 4 5 6 7 8 |  8.0
Stealth        | 4 |  4.3
Axes           | 1 |  1.1
Fighting       | 2 4 |  4.0
Invocations    | 4 |  4.0
Long Blades    | 5 6 |  6.0
Unarmed Combat | 6 8 |  8.0
Transmutations | 4 8 |  8.8
Spellcasting   | 4 |  4.0
Armour         | |  1.0
Conjurations   | |  1.0

Action                   |  1- 3 |  4- 6 |  7- 9 | 10-12 || total
-------------------------+-------+-------+-------+-------++-------
Melee: Short sword       |    47 |    66 |       |       ||   113
       Falchion          |       |    60 |   145 |   121 ||   326
       Headbutt          |       |       |    42 |    54 ||    96
       Scimitar          |       |       |       |     9 ||     9
       Punch             |       |       |       |     7 ||     7
       Unarmed           |       |       |       |    30 ||    30
 Fire: Shortbow          |    36 |    45 |   102 |    54 ||   237
 Cast: Sticks to Snakes  |       |       |       |     1 ||     1
       Blade Hands       |       |       |       |     1 ||     1
Invok: Bend Time         |       |       |     6 |     5 ||    11
 Abil: Spit Poison       |     1 |       |       |       ||     1
Evoke: Wand              |       |       |     1 |     1 ||     2
  Use: Potion            |     3 |     2 |     2 |     5 ||    12
       Scroll            |       |     9 |     8 |     2 ||    19
 Stab: Sleeping          |       |     5 |     4 |     1 ||    10
       Distracted        |       |       |     1 |       ||     1
  Eat: Chunk             |     1 |     5 |     9 |     3 ||    18
Armor: Robe              |    23 |    19 |       |       ||    42
       Ring mail         |       |    32 |   109 |   101 ||   242
Dodge: Dodged            |    20 |    71 |    63 |    86 ||   240
       Rpst.: Falchion   |       |    10 |    19 |    22 ||    51
